 Dungeon Crawl Stone Soup version 0.29-a0-284-gf9362112df (webtiles) character file.

Game seed: 12214185583376642855

4 rabbitsville the Shield-Bearer (level 1, 0/13 HPs)
             Began as a Gnoll Wanderer on Mar 20, 2022.
             Slain by a rat (2 damage)
             ... on level 1 of the Dungeon.
             The game lasted 00:01:20 (148 turns).

rabbitsville the Shield-Bearer (Gnoll Wanderer)      Turns: 148, Time: 00:01:20

Health: 0/13       AC:  5    Str:  8    XL:     1   Next: 60%
Magic:  2/4        EV: 12    Int: 11    God:
Gold:   37         SH:  5    Dex: 14    Spells: 4/5 levels left

rFire   . . .      SeeInvis .   a - +0 dagger
rCold   . . .      Faith    .   e - +0 buckler {AC+3}
rNeg    . . .      Spirit   .   d - +0 robe
rPois   .          Reflect  .   (no helmet)
rElec   .          Harm     .   (no cloak)
rCorr   .          Rampage  .   (no gloves)
Will    .....                   (no boots)
Stlth   +.........              (no amulet)
HPRegen 0.04/turn               (no ring)
MPRegen 0.09/turn               (no ring)

@: no status effects
A: fangs 1, strong nose, distributed training
a: no special abilities


You were on level 1 of the Dungeon.
You visited 1 branch of the dungeon, and saw 1 of its levels.

You collected 37 gold pieces.

Inventory:

Hand Weapons
 a - a +0 dagger (weapon)
Armour
 d - a +0 robe (worn)
 e - a +0 buckler of protection (worn)
Wands
 b - a wand of flame (3)
Scrolls
 c - a scroll of blinking


   Skills:
 + Level 0.1 Fighting
 + Level 0.1 Short Blades
 + Level 0.1 Long Blades
 + Level 0.1 Axes
 + Level 0.1 Maces & Flails
 + Level 0.1 Polearms
 + Level 0.1 Staves
 + Level 0.1 Slings
 + Level 0.1 Bows
 + Level 0.1 Crossbows
 + Level 0.1 Throwing
 + Level 4.4 Armour
 + Level 2.4 Dodging
 + Level 0.1 Stealth
 + Level 6.4 Shields
 + Level 0.1 Unarmed Combat
 + Level 2.6 Spellcasting
 + Level 0.1 Conjurations
 + Level 0.1 Hexes
 + Level 3.6 Summonings
 + Level 0.1 Necromancy
 + Level 0.1 Translocations
 + Level 0.1 Transmutations
 + Level 0.1 Fire Magic
 + Level 0.1 Ice Magic
 + Level 0.1 Air Magic
 + Level 0.1 Earth Magic
 + Level 0.1 Poison Magic
 + Level 0.2 Invocations
 + Level 2.4 Evocations


You had 4 spell levels left.
You knew the following spells:

 Your Spells              Type           Power      Damage    Failure   Level
a - Summon Small Mammal   Summ           36%        N/A       8%          1

Your spell library contained the following spells:

 Spells                   Type           Power      Damage    Failure   Level
 Call Canine Familiar     Summ           9%         N/A       24%         3


Dungeon Overview and Level Annotations

Branches:
Dungeon (1/15)

Altars:
Nemelex Xobeh

Shops:
D:1 [


Innate Abilities, Weirdness & Mutations

You have very sharp teeth.
Your uncanny sense of smell can sniff out nearby items.
Your experience applies equally to all skills.


Message History

The dart slug launches a dart at you. The slug dart hits you.
You hit the dart slug.
The dart slug is almost dead.
You hit the dart slug.
You kill the dart slug!
You block the goblin's attack.
A rat comes into view.
An endoplasm comes into view.
The goblin closely misses you.
You barely miss the goblin. Your bite misses the goblin.
The giant cockroach waves its antennae.
The goblin hits you with a +0 club.
You closely miss the goblin. You block the goblin's attack.
You hit the goblin.
The goblin is moderately wounded.
The giant cockroach bites you but does no damage.
The goblin barely misses you.
You closely miss the goblin.
The goblin is moderately wounded.
The giant cockroach barely misses you. You block the goblin's attack.
You barely miss the goblin.
The goblin is moderately wounded.
You block the giant cockroach's attack. The goblin closely misses you.
Casting: Summon Small Mammal (safe; 8% risk of failure)
Press: ? - help, Q - select action, (/) - cycle Dir - look around, f - activate The giant cockroach misses you.
You block the goblin's attack. You block the giant cockroach's attack.
Casting: Summon Small Mammal (safe; 8% risk of failure)
Press: ? - help, Q - select action, (/) - cycle Dir - look around, f - activate Your bat hits the endoplasm.
Your bat barely misses the endoplasm.
The giant cockroach bites you but does no damage.
The endoplasm freezes you.
You are frozen.
The goblin hits you with a +0 club.
* * * LOW HITPOINT WARNING * * *
Your bat hits the endoplasm but does no damage.
The goblin barely misses you. The rat closely misses you.
Your rat bites the rat.
The giant cockroach attacks as you move away!
You block the giant cockroach's attack. The rat bites you.
You die...

#.....# #..# ##..
.........## ##.####..
..!.......# #..##...
..........# ##.##...
..........# #......
..........############....
........8r>.∩.8.#.........
.......gr.#...............
........B@....##....##''##
..#...bJ#####.#.♣♣♣♣#....#
#..#### #.#######.88.#
#... #.##>§≈≈'....' ##.
#.#######.<..# #. #.#
###### . #.# ∆ ∆


You could see an endoplasm (ally target), a giant cockroach, a goblin, a rat
(ally target), a friendly bat (summoned) and a friendly rat (summoned).

Vanquished Creatures
  A dart slug (D:1)
  A goblin (D:1)
2 creatures vanquished.

Notes
Turn   | Place    | Note
-------+----------+-------------------------------------------
     0 | D:1      | rabbitsville the Gnoll Wanderer began the quest for the
                  | Orb.
     0 | D:1      | rabbitsville set off with the following items: a +0 dagger,
                  | a wand of flame (3), a scroll of blinking, a +0 robe, a +0
                  | buckler of protection; and the following spell memorised:
                  | Summon Small Mammal; and the following spells available to
                  | memorise: Call Canine Familiar
     0 | D:1      | Reached XP level 1. HP: 13/13 MP: 4/4
    65 | D:1      | Found a faded altar of an unknown god.
   113 | D:1      | Found a sparkling altar of Nemelex Xobeh.
   120 | D:1      | Found Rietau Yjuh's Armour Shoppe.
   148 | D:1      | Slain by a rat

Illustrated notes

Levels and vault maps discovered:
D:1:      sevenhm_arrival_forest_fort_small_6, layout_rooms, serial_shops,
          shop_statue, shapermc_ecumenical_altar_venn

Action                   || total
-------------------------++-------
Melee: Dagger            ||    13
       Bite              ||     2
 Cast: Summon Small Mamm ||     4
Armor: Robe              ||     2
Dodge: Dodged            ||     9
Block: Buckler           ||     8

Table legend: (Time is in decaauts)
 A = Elapsed time spent in this place.
 B = Non-inter-level travel time spent in this place.
 C = Inter-level travel time spent in this place.
 D = Time resting spent in this place.
 E = Time spent auto-exploring this place.
 F = Levels seen in this place.
 G = Mean time per level.
                   A        B        C        D        E       F      G
               +--------+--------+--------+--------+--------+-----+--------+
         Total |    148 |    148 |      0 |      0 |     90 |   1 |  148.0 |
       Dungeon |    148 |    148 |      0 |      0 |     90 |   1 |  148.0 |
               +--------+--------+--------+--------+--------+-----+--------+

Top non-repeatable levels by time:
     D:1: 148 daAuts
